AoeStats
← sleepy

Arena

507634241Analyzed
4v4 RM · 13d ago on Sep 19, 2026· 55m 33s· 8 players
Game mode
Random Map
Map size
Large (8 player)
Population
200
Speed
Normal
Resources
Standard
Victory
Conquest
Starting age
Dark Age
Ending age
Imperial Age
RankedLock teamsTeams togetherTeam positionsShared explorationLock speedFull tech treeHidden civsTurbo modeCheats
Victory
Defeat
🇦🇺 Franks · Australia
1108
+14
🇦🇺 Persians · Australia
1104
+14
1082
+15
🇦🇺 Slavs · Australia
1044
+15
🇺🇸 Bohemians · United States
1087
-16
🇨🇦 Mongols · Canada
1084
-16
🇺🇸 Teutons · United States
1047
-14
🇺🇸 Magyars · United States
995
-12
c r v w l e y
4:20 Loom
10:01 Feudal Age
13:59 Castle Age
12:25 Double-Bit Axe
12:38 Horse Collar
20:36 Bow Saw
20:47 Heavy Plow
23:24 Wheelbarrow
23:17 Gold Mining
24:22 Stone Mining
25:37 Gold Shaft Mining
28:12 Imperial Age
26:35 Hand Cart
26:23 Loom
26:23 Town Watch
27:42 Scale Barding Armor
27:43 Devotion
27:46 Town Patrol
28:28 Husbandry
28:39 Bloodlines
28:56 Chain Barding Armor
29:03 Conscription
28:44 Elite War Elephant
30:17 Plate Barding Armor
30:27 Forging
31:06 Stone Shaft Mining
31:56 Faith
31:53 Citadels
33:14 Caravan
39:27 Iron Casting
39:46 Fletching
40:21 Ballistics
41:01 Chemistry
44:16 Bodkin Arrow
45:22 Blast Furnace
50:55 Light Cavalry
51:30 Hussar
Mr. Takoyaki-san
10:51 Feudal Age
15:55 Castle Age
15:26 Double-Bit Axe
16:50 Wheelbarrow
23:58 Hand Cart
24:42 Bow Saw
27:17 Gold Mining
27:17 Stone Mining
29:00 Gold Shaft Mining
31:55 Imperial Age
29:11 Loom
30:20 Scale Barding Armor
30:29 Forging
31:41 Chain Barding Armor
31:22 Husbandry
30:44 Light Cavalry
31:58 Loom
32:55 Iron Casting
32:03 Cavalier
33:26 Plate Barding Armor
35:00 Blast Furnace
33:26 Paladin
34:56 Chivalry
35:33 Conscription
36:29 Caravan
53:13 Devotion
[TBArg] Caballero de la Muerte
12:51 Feudal Age
16:37 Castle Age
14:41 Stone Mining
16:14 Horse Collar
17:54 Gold Mining
21:17 Fletching
24:13 Heavy Plow
24:05 Loom
25:40 Wheelbarrow
25:38 Forging
26:27 Bodkin Arrow
27:15 Redemption
28:01 Pikeman
32:28 Imperial Age
31:04 Iron Casting
31:14 Squires
31:54 Scale Mail Armor
31:31 Elite Skirmisher
31:54 Man-at-Arms
34:16 Chemistry
34:57 Conscription
35:41 Blast Furnace
34:41 Halberdier
43:40 Bracer
48:56 Husbandry
ants
11:22 Feudal Age
16:51 Castle Age
16:13 Double-Bit Axe
16:33 Horse Collar
19:52 Heavy Plow
20:13 Bow Saw
21:51 Wheelbarrow
24:06 Hand Cart
25:48 Hand Cart
26:47 Pikeman
27:28 Squires
27:48 Gold Mining
29:11 Forging
29:03 Scale Mail Armor
29:14 Detinets
32:52 Imperial Age
32:13 Iron Casting
31:54 Chain Mail Armor
31:01 Man-at-Arms
32:27 Gold Shaft Mining
32:47 Long Swordsman
33:29 Halberdier
33:33 Two-Handed Swordsman
34:36 Conscription
35:20 Blast Furnace
34:51 Plate Mail Armor
35:21 Plate Mail Armor
34:59 Caravan
34:44 Capped Ram
35:28 Onager
37:27 Two-Man Saw
37:09 Crop Rotation
36:31 Heavy Scorpion
36:58 Champion
38:53 Siege Ram
41:40 Druzhina
51:44 Elite Boyar
54:21 Scale Barding Armor
yarnmuon
10:17 Feudal Age
14:51 Castle Age
13:13 Horse Collar
13:56 Double-Bit Axe
15:54 Bow Saw
21:42 Wheelbarrow
23:52 Heavy Plow
23:43 Loom
28:54 Imperial Age
27:08 Town Watch
28:56 Chemistry
28:16 Ballistics
28:02 Scale Mail Armor
28:13 Forging
28:08 Pikeman
28:48 Squires
29:05 Chain Mail Armor
29:32 Hand Cart
29:46 Sanctity
29:39 Fervor
30:53 Two-Man Saw
31:05 Plate Mail Armor
32:52 Iron Casting
33:12 Halberdier
34:18 Houfnice
38:11 Siege Engineers
38:51 Hussite Reforms
39:06 Conscription
42:52 Block Printing
42:48 Redemption
43:04 Illumination
46:10 Redemption
51:37 Redemption
grumpy
9:20 Loom
11:29 Feudal Age
15:33 Castle Age
14:27 Double-Bit Axe
15:06 Horse Collar
19:21 Heavy Plow
20:40 Fervor
20:42 Gold Mining
21:13 Bow Saw
23:35 Fletching
23:41 Stone Mining
24:36 Gold Shaft Mining
25:36 Wheelbarrow
24:49 Town Watch
25:33 Bodkin Arrow
26:23 Padded Archer Armor
27:51 Hand Cart
27:58 Leather Archer Armor
28:28 Thumb Ring
30:02 Husbandry
30:13 Bloodlines
33:25 Imperial Age
31:56 Scale Barding Armor
32:25 Arson
33:06 Chain Barding Armor
33:52 Ballistics
33:28 Murder Holes
33:43 Masonry
33:14 Treadmill Crane
34:50 Plate Barding Armor
34:18 Bracer
34:48 Ring Archer Armor
36:11 Parthian Tactics
35:44 Heavy Cavalry Archer
37:48 Plate Barding Armor
39:47 Elite Magyar Huszar
40:30 Corvinian Army
41:06 Hoardings
42:31 Conscription
42:14 Recurve Bow
48:40 Chemistry
47:49 Siege Engineers
sleepy
5:09 Loom
9:46 Feudal Age
10:12 Double-Bit Axe
18:34 Castle Age
17:01 Horse Collar
17:15 Gold Mining
18:11 Stone Mining
20:07 Bow Saw
21:40 Heavy Plow
25:11 Forging
26:25 Wheelbarrow
26:48 Stone Shaft Mining
31:09 Imperial Age
30:43 Scale Barding Armor
30:53 Bloodlines
31:16 Cavalier
37:14 Iron Casting
37:00 Chain Barding Armor
37:50 Hand Cart
37:23 Town Watch
38:35 Paladin
41:10 Blast Furnace
40:45 Plate Barding Armor
41:47 Fletching
42:33 Man-at-Arms
42:59 Gambesons
43:14 Squires
44:18 Long Swordsman
45:26 Two-Handed Swordsman
46:13 Scale Mail Armor
46:09 Bodkin Arrow
46:38 Arson
46:17 Champion
47:36 Chain Mail Armor
47:05 Pikeman
49:26 Plate Mail Armor
49:06 Halberdier
51:48 Chemistry
51:10 Ballistics
54:48 Crenellations
54:50 Conscription
dteeuwsen17
8:56 Feudal Age
14:56 Loom
17:40 Castle Age
15:51 Double-Bit Axe
15:53 Horse Collar
17:44 Stone Mining
18:11 Bloodlines
17:53 Fletching
18:57 Scale Barding Armor
19:36 Forging
25:23 Heavy Plow
26:01 Wheelbarrow
25:17 Town Watch
26:02 Gold Mining
27:15 Bow Saw
32:05 Imperial Age
30:30 Hand Cart
30:35 Bodkin Arrow
32:05 Gold Shaft Mining
31:55 Chain Barding Armor
32:11 Iron Casting
33:08 Iron Casting
32:35 Husbandry
32:49 Heavy Camel Rider
33:56 Conscription
34:26 Stone Shaft Mining
36:30 Elite Mangudai
37:22 Padded Archer Armor
37:52 Town Patrol
37:14 Light Cavalry
38:53 Bracer
40:19 Ballistics
Connection lost

Rejoining the realm…

Still unreachable

The connection could not be restored.

Session expired

The server has moved on; the page needs a fresh start.